 Dungeon Crawl Stone Soup version 0.27.1-2-g3b301248ec (webtiles) character file.

Game seed: 1722376294649900385

302 Violens the Covered (level 6, -3/52 HPs)
             Began as a Minotaur Fighter on Sept 28, 2021.
             Slain by a gnoll (4 damage)
             ... on level 4 of the Dungeon.
             The game lasted 00:24:17 (3118 turns).

Violens the Covered (Minotaur Fighter)              Turns: 3118, Time: 00:24:18

Health: -3/52      AC: 11    Str: 27    XL:     6   Next: 14%
Magic:  5/5        EV:  6    Int:  5    God:
Gold:   194        SH: 10    Dex: 13    Spells: 5/5 levels left

rFire    . . .     SeeInvis .   a - +1 flail
rCold    + . .     Faith    .   c - +0 kite shield
rNeg     . . .     Spirit   .   e - +0 chain mail
rPois    .         Reflect  .   (helmet restricted)
rElec    .         Harm     .   (no cloak)
rCorr    .         Rampage  .   t - +0 pair of gloves
Will     .....                  (no boots)
Stlth    ..........             b - amulet "Gaeter" {RegenMP *Slow rC+ Str+4 Dex+4}
HPRegen  0.17/turn              (no ring)
MPRegen  0.34/turn              (no ring)

@: no status effects
A: horns 2, retaliatory headbutt
a: no special abilities


You were on level 4 of the Dungeon.
You visited 1 branch of the dungeon, and saw 4 of its levels.

You collected 194 gold pieces.

Inventory:

Hand Weapons
 a - a +1 flail (weapon)
Missiles
 f - 180 stones (quivered)
 i - 17 sling bullets
 l - 36 arrows
 o - 21 bolts
Armour
 c - a +0 kite shield (worn)
 e - a +0 chain mail (worn)
 t - a +0 pair of gloves (worn)
Jewellery
 b - the amulet "Gaeter" (around neck) {RegenMP *Slow rC+ Str+4 Dex+4}
   (You acquired it on level 3 of the Dungeon)

   [amulet of magic regeneration]

   It increases your rate of magic regeneration.
   Str:       It affects your strength (+4).
   Dex:       It affects your dexterity (+4).
   rC:        It protects you from cold.
   *Slow:     It may slow you when you take damage.
Scrolls
 g - a scroll of teleportation
Potions
 d - a potion of might
 h - a potion of resistance {unknown}


   Skills:
 + Level 4.2 Fighting
 + Level 5.0 Maces & Flails
 + Level 5.7 Armour
 + Level 0.2 Dodging
 + Level 0.3 Stealth
 + Level 4.7 Shields


You had 5 spell levels left.
You didn't know any spells.
Your spell library contained the following spells:

 Spells                   Type           Power      Damage    Failure   Level
 Animate Skeleton         Necr           0%         N/A       100%        1
 Pain                     Necr           0%         1d4       100%        1
 Vampiric Draining        Necr           0%         2d6       100%        3


Dungeon Overview and Level Annotations

Branches:
Dungeon (4/15)
 Temple: D:4-7

Altars:
Fedhas

Shops:
D:3 :   D:4 *

Annotations:
D:4 1 runed translucent door


Innate Abilities, Weirdness & Mutations

You have a pair of horns on your head.
You reflexively headbutt those who attack you in melee.


Message History

You hit the hound skeleton.
The hound skeleton is moderately damaged.
The hound skeleton bites you but does no damage.
You block the hound skeleton's attack.
You completely miss the hound skeleton.
The hound skeleton is moderately damaged.
The gnoll hits you but does no damage. The hound skeleton bites you.
* * * LOW HITPOINT WARNING * * *
You sock the hound skeleton!
Your headbutt misses the hound skeleton.
The hound skeleton is severely damaged.
You block the hound skeleton's attack. x2
You barely miss the hound skeleton. You headbutt the hound skeleton.
You destroy the hound skeleton!
The gnoll sergeant hits you but does no damage.
The gnoll sergeant barely misses you. You block the gnoll sergeant's attack.
You hit the gnoll sergeant but do no damage.
You headbutt the gnoll sergeant.
The gnoll sergeant is heavily wounded.
The gnoll hits you but does no damage.
The gnoll sergeant hits you with a +0 trident.
* * * LOW HITPOINT WARNING * * *
The gnoll hits you but does no damage.
Your shield prevents you from hitting the gnoll sergeant.
The gnoll sergeant is heavily wounded.
You block the gnoll sergeant's attack. You block the gnoll's attack.
You hit the gnoll sergeant.
You headbutt the gnoll sergeant, but do no damage.
The gnoll sergeant is heavily wounded.
The gnoll sergeant hits you with a +0 trident.
* * * LOW HITPOINT WARNING * * *
The gnoll barely misses you. You block the gnoll sergeant's attack.
Unknown command.
You hit the gnoll sergeant but do no damage.
You headbutt the gnoll sergeant!
You kill the gnoll sergeant!
The gnoll completely misses you.
The gnoll hits you from afar with a +0 spear.
You die...

#.#. #.
####§###.#.##.#.##.#.##.#
#§# ##.#.##.#.##.##.#. #§#
##.#.##.#.###.#.# #§#
##.#.##.#.#.#.## #§###
##.#.##.#†#.## § §§§§§#
##.#.##.#.## ..§#§#§#
##.#.##.##
.....#g########.#.###
........)@.....##...######
#..##.#.######.##..##.....
...#.. #............. ...
#.# ##.######..... #...
#.# # #..... ##. #.#
#...## #∩ #.# #...# #.
.....# ##.####


You could see a gnoll.

Vanquished Creatures
  A water moccasin (D:4)
  A gnoll sergeant (D:4)
  A hound (D:4)
  A gnoll shaman (D:4)
  A hound skeleton (D:4)
  4 gnolls (D:4)
  An ufetubus (D:3)
  A worm (D:2)
  A dart slug (D:2)
  6 ball pythons
  4 bats (D:1)
  7 endoplasms
  3 giant cockroaches (D:2)
  9 goblins
  7 hobgoblins
  8 jackals
  4 quokkas
  3 frilled lizards
  10 kobolds
  3 rats
  A spectral goblin (D:1)
77 creatures vanquished.

Notes
Turn   | Place    | Note
-------+----------+-------------------------------------------
     0 | D:1      | Violens the Minotaur Fighter began the quest for the Orb.
     0 | D:1      | Reached XP level 1. HP: 19/19 MP: 0/0
   219 | D:1      | Reached XP level 2. HP: 27/27 MP: 1/1
   421 | D:1      | Reached XP level 3. HP: 24/26 MP: 2/2
   588 | D:1      | Found a faded altar of an unknown god.
  1591 | D:3      | Found Xeliukel's Book Shoppe.
  1715 | D:3      | Reached XP level 4. HP: 36/37 MP: 3/3
  1917 | D:3      | Found a blossoming altar of Fedhas.
  1948 | D:3      | Identified a scroll of acquirement
  1949 | D:3      | Acquired the amulet "Gaeter" {RegenMP *Slow rC+ Str+4
                  | Dex+4}
  2724 | D:4      | Noticed a water moccasin
  2734 | D:4      | Killed a water moccasin
  2735 | D:4      | Reached skill level 5 in Armour
  2735 | D:4      | Reached XP level 5. HP: 17/46 MP: 4/4
  3069 | D:4      | Reached XP level 6. HP: 45/52 MP: 5/5
  3079 | D:4      | Found a runed translucent door.
  3097 | D:4      | Reached skill level 5 in Maces & Flails
  3104 | D:4      | Found Xoecuj's Neck Hole.
  3117 | D:4      | HP: 1/52 [gnoll sergeant (2)]
  3118 | D:4      | Slain by a gnoll

Illustrated notes

Levels and vault maps discovered:
D:1:      nzn_arrival_settlement, layout_basic,
          dreamdust_ecumenical_altar_drowned_temple
D:2:      layout_basic
D:3:      layout_loops_cross, fedhas_altar_4, serial_shops,
          nicolae_shop_waterfront, grunt_decor_mini_mirrors
D:4:      minmay_inner_zag, layout_basic, general_overflow_altar,
          ebering_ghost_reflecting_pool, minmay_door_square,
          nicolae_shop_sticking_my_neck_out, uniq_blork_the_orc, uniq_menkaure

Skill      XL: |  1  2  3  4  5  6 |
---------------+-------------------+-----
Armour         | 4 5 |  5.7
Maces & Flails | 3 4 5 |  5.0
Shields        | 4 |  4.7
Fighting       | 4 |  4.2
Dodging        | |  0.2
Stealth        | |  0.3

Action                   |  1- 3 |  4- 6 || total
-------------------------+-------+-------++-------
Melee: Flail             |   126 |    57 ||   183
       Headbutt          |    22 |    22 ||    44
Throw: Stone             |       |     1 ||     1
  Use: Scroll            |       |     9 ||     9
       Potion            |       |     5 ||     5
Armor: Chain mail        |    66 |    33 ||    99
Dodge: Dodged            |    30 |    20 ||    50
Block: Kite shield       |    58 |    46 ||   104
